 Dungeon Crawl Stone Soup version 0.20.0 (webtiles) character file.

114 Llamajah the Shield-Bearer (level 5, -1/42 HPs)
             Began as a Formicid Fighter on July 11, 2017.
             Killed from afar by Ijyb (26 damage)
             ... with a wand of lightning (?/15)
             ... on level 3 of the Dungeon.
             The game lasted 00:04:48 (2231 turns).

Llamajah the Shield-Bearer (Formicid Fighter)       Turns: 2231, Time: 00:04:49

Health: -1/42      AC:  7    Str: 21    XL:     5   Next: 18%
Magic:  5/5        EV:  8    Int:  8    God:
Gold:   100        SH:  9    Dex: 10    Spells: 4/4 levels left

rFire    + . .     SeeInvis +   a - +0 war axe
rCold    . . .     Gourm    .   c - +0 shield
rNeg     . . .     Faith    +   b - +0 scale mail
rPois    .         Spirit   .   (helmet unavailable)
rElec    .         Reflect  .   (no cloak)
rCorr    .         Harm     .   (no gloves)
MR       .....                  (no boots)
Stlth    +.........             g - amulet of faith
Regen    0.2/turn               h - ring of stealth
MPRegen  0.1/turn               k - ring of protection from fire

@: lethally poisoned (-1 -> -21)
A: permanent stasis, dig shafts and tunnels, four strong arms, antennae 3
a: Dig, Shaft Self


You were on level 3 of the Dungeon.
You were not hungry.

You visited 1 branch of the dungeon, and saw 3 of its levels.

You collected 100 gold pieces.

Inventory:

Hand Weapons
 a - a +0 war axe (weapon)
Armour
 b - a +0 scale mail (worn)
 c - a +0 shield (worn)
Jewellery
 g - an amulet of faith (around neck)
 h - a ring of stealth (left hand)
 k - a ring of protection from fire (right hand)
Scrolls
 e - a scroll of enchant armour {unknown}
 j - 3 scrolls of identify {unknown}
 m - 3 scrolls of teleportation {unknown}
 o - a scroll of enchant weapon {unknown}
 p - a scroll of random uselessness {unknown}
 q - a scroll of amnesia {unknown}
 t - a scroll of remove curse {unknown}
Potions
 d - 2 potions of might
 l - a potion of flight {unknown}
 n - a potion of invisibility {unknown}
 r - a potion of brilliance {unknown}
 s - 3 potions of lignification {unknown}
Comestibles
 f - 2 bread rations
 i - a royal jelly
 u - 2 fruits


   Skills:
 + Level 3.7 Fighting
 * Level 3.3 Axes
 + Level 3.9 Armour
 + Level 1.6 Dodging
 + Level 4.1 Shields


You had 4 spell levels left.
You didn't know any spells.

Dungeon Overview and Level Annotations

Branches:
Dungeon (3/15)

Altars:

Annotations:
D:3 Ijyb


Innate Abilities, Weirdness & Mutations

You cannot be hasted, slowed, berserked, paralysed or teleported.
You can dig through walls and to a lower floor.
Your four strong arms can wield two-handed weapons with a shield.
You have a pair of large antennae on your head. (SInv)


Message History

Ijyb is moderately wounded.
Your shield and scale mail prevent you from hitting the orc.
You feel sick. The orc barely misses you. Ijyb barely misses you.
The orc hits you with a whip of venom.
You are more poisoned.
Ijyb screams, "No!
No, no, no, no!"
Ijyb zaps a wand.
The bolt of lightning hits you!
It is a wand of lightning (?/15).
You closely miss Ijyb.
Ijyb is moderately wounded.
You hit the orc.
You feel sick. The orc hits you with a whip of venom.
You are more poisoned.
You block Ijyb's attack.
A bat comes into view.
You hit Ijyb.
Ijyb is moderately wounded.
You closely miss the orc.
You feel sick. The orc barely misses you.
Ijyb zaps a wand.
The bolt of lightning hits you!
Ouch! That really hurt!
You die...

#.......##+# #.... #..
#.......##.#####.... #..
#..........##......#
#$.. ...##.....##.......
..... #.##.....##.......
.....##.................
.......$............####
....b.o.............####
..##.g@.....#..........
(.....S......#..........
.......#.....#..........
.#.....+.....+..........
?......#.....#####......
.#.#.#.#.....# #####..
..%.........## #..
#.#.#.# ....##########..
............##..


You could see Ijyb, an adder, an orc and a bat.

Vanquished Creatures
  Robin (D:2)
  3 gnolls (D:2)
  2 adders
  2 worms (D:2)
  A dart slug (D:1)
  A leopard gecko (D:1)
  2 orcs (D:3)
  A ball python (D:3)
  3 giant cockroaches
  6 goblins
  5 hobgoblins
  4 jackals (D:2)
  A quokka (D:2)
  A bat (D:2)
  2 frilled lizards (D:3)
  4 kobolds
  7 rats
46 creatures vanquished.

Notes
Turn   | Place    | Note
-------+----------+-------------------------------------------
     0 | D:1      | Llamajah the Formicid Fighter began the quest for the Orb.
     0 | D:1      | Reached XP level 1. HP: 18/18 MP: 1/1
   407 | D:1      | Reached XP level 2. HP: 24/24 MP: 2/2
   735 | D:2      | Noticed Robin
   948 | D:2      | Reached XP level 3. HP: 29/29 MP: 3/3
   952 | D:2      | Killed Robin
  1165 | D:2      | Reached skill level 1 in Dodging
  1189 | D:2      | Reached XP level 4. HP: 32/35 MP: 4/4
  1780 | D:2      | Reached skill level 4 in Shields
  1835 | D:3      | Reached XP level 5. HP: 41/42 MP: 5/5
  2221 | D:3      | Noticed Ijyb
  2231 | D:3      | Killed from afar by Ijyb

Skill      XL: |  1  2  3  4 |
---------------+-------------+-----
Dodging        | 1 |  1.6
Axes           | 3 |  3.3
Shields        | 4 |  4.1
Fighting       | |  3.7
Armour         | |  3.9

Action                   |  1- 3 |  4- 6 || total
-------------------------+-------+-------++-------
Melee: War axe           |    71 |    85 ||   156
  Eat: Chunk             |     1 |     3 ||     4
Armor: Scale mail        |    19 |    19 ||    38
Dodge: Dodged            |    21 |    33 ||    54
Block: Shield            |    37 |    44 ||    81
